Map: [ESL] Solaris

Players

ONSYDESolar (Solar)

  • Race: Zerg Zerg
  • League: Master
  • Spawn Location: 1:00

GuMiho - Winner!

  • Race: Terran Terran
  • Spawn Location: 7:00

VOD

Have the link to the VOD?

Description

Time

  • Played on: Dec. 11, 2023, 7:17 a.m.
  • Length: 11:38
Show
View Real Time Build Order
Export as new Build Order

ONSYDESolar Zerg 

Build Orders: Hatch First 

Get SALT Encoding   

  12  0:00  Drone  
  13  0:12  Overlord  
  13  0:16  Drone  
  14  0:31  Drone x2  
  16  0:49  Hatchery  
  15  0:51  Drone  
  15  0:54  Drone  
  17  0:57  Drone  
  18  1:08  Extractor  
  17  1:12  Spawning Pool  
  17  1:15  Drone  
  17  1:20  Drone  
  18  1:28  Drone  
  19  1:38  Drone  
  20  1:49  Drone  
  21  2:00  Queen x2  
  21  2:01  Zergling x4  
  27  2:12  Zergling x2  
  27  2:14  Overlord  
  28  2:31  Hatchery  
  28  2:32  Spore Crawler  
  28  2:33  Drone x2  
  28  2:34  Drone  
  29  2:40  Queen  
  31  2:45  Metabolic Boost  
  31  2:48  Drone  
  32  2:53  Overlord  
  32  2:56  Drone  
  33  3:00  Drone x2  
  33  3:04  Drone  
  36  3:12  Drone x4  
  40  3:17  Drone  
  41  3:21  Queen  
  41  3:24  Overlord  
  43  3:27  Drone  
  44  3:42  Queen, Overlord  
  44  3:43  Queen  
  44  3:47  Drone x3  
  44  3:48  Drone  
  52  3:51  Drone x3  
  55  3:56  Overlord  
  55  4:01  Drone  
  55  4:02  Drone x3  
  59  4:07  Drone x2  
  61  4:10  Drone  
  61  4:16  Zergling x8  
  65  4:17  Queen  
  65  4:19  Zergling x2  
  65  4:21  Queen  
  70  4:25  Overlord  
  70  4:32  Drone  
  70  4:33  Drone  
  70  4:34  Drone  
  70  4:35  Overlord  
  70  4:36  Overlord  
  73  4:41  Overlord  
  73  4:45  Drone  
  74  4:48  Drone  
  75  4:53  Drone x3, Extractor  
  75  4:54  Evolution Chamber  
  75  4:55  Queen, Evolution Chamber  
  75  4:58  Drone x2  
  75  4:59  Spore Crawler  
  78  5:01  Zergling x10  
  83  5:08  Spore Crawler  
  83  5:09  Drone x2  
  83  5:11  Drone x2  
  86  5:14  Extractor  
  86  5:16  Overlord  
  86  5:17  Zergling x2  
  86  5:19  Drone  
  87  5:23  Drone  
  87  5:29  Zergling x2  
  87  5:30  Zergling x6  
  87  5:31  Queen x2  
  87  5:34  Queen  
  95  5:35  Overlord  
  95  5:37  Zergling x8  
  99  5:48  Drone x5  
  91  5:50  Drone  
  89  5:59  Drone x2  
  89  6:00  Drone  
  89  6:02  Zerg Melee Weapons Level 1, Zerg Ground Armor Level 1  
  87  6:07  Drone  
  87  6:09  Drone  
  87  6:14  Lair  
  87  6:15  Drone  
  87  6:17  Drone  
  82  6:19  Drone, Baneling Nest  
  82  6:22  Drone  
  79  6:28  Zergling x2  
  79  6:29  Zergling x2  
  79  6:32  Zergling x2  
  82  6:39  Overlord  
  82  6:40  Drone  
  82  6:43  Drone  
  82  6:44  Hatchery  
  83  6:47  Drone  
  83  6:48  Drone x5  
  83  6:52  Drone  
  83  6:53  Drone  
  91  6:54  Drone x3  
  91  6:56  Extractor  
  93  7:03  Baneling x6, Extractor  
  93  7:04  Zergling x4  
  93  7:06  Zergling x2  
  95  7:12  Centrifugal Hooks  
  95  7:13  Hydralisk Den  
  95  7:14  Drone x2  
  96  7:17  Drone x2  
  96  7:18  Drone  
  96  7:19  Drone x4  
  103  7:24  Zergling x4  
  103  7:26  Overlord  
  103  7:27  Baneling x5  
  103  7:28  Zergling x6  
  108  7:32  Hatchery  
  107  7:42  Zergling x6  
  110  7:50  Zergling x6  
  106  7:58  Drone x7  
  106  8:05  Zergling x2  
  111  8:08  Zergling x6  
  111  8:12  Zerg Melee Weapons Level 2, Zerg Ground Armor Level 2  
  112  8:13  Drone  
  112  8:18  Baneling x3  
  112  8:19  Drone x3  
  115  8:23  Overlord  
  115  8:28  Drone x3  
  115  8:31  Hydralisk x2  
  115  8:32  Extractor  
  121  8:37  Baneling x3, Zergling x4  
  121  8:38  Extractor  
  122  8:43  Zergling x8, Pneumatized Carapace, Overseer  
  119  8:51  Hydralisk x2  
  119  8:52  Zergling x2  
  119  8:56  Zergling x12, Grooved Spines  
  119  9:00  Drone x2, Infestation Pit  
  119  9:01  Overlord  
  126  9:03  Drone x2  
  126  9:05  Baneling x4  
  126  9:07  Overseer  
  126  9:08  Zergling x10  
  133  9:10  Drone  
  133  9:15  Hydralisk  
  133  9:16  Hydralisk x2  
  139  9:21  Hydralisk x2  
  140  9:26  Zergling x16  
  140  9:31  Drone x6  
  149  9:35  Baneling x9  
  149  9:37  Drone  
  155  9:44  Overlord x3  
  151  9:46  Drone x5  
  151  9:49  Hive  
  151  9:50  Infestor  
  158  9:55  Baneling  
  158  9:57  Overlord  
  158  9:59  Overlord  
  143  10:07  Hydralisk x4  
  143  10:08  Zergling x16  
  143  10:11  Zergling x6  
  143  10:13  Baneling x6  
  159  10:15  Zergling x6  
  159  10:19  Zergling x8  
  159  10:23  Zergling x10  
  157  10:30  Zergling x12  
  157  10:31  Infestor  
  157  10:32  Baneling  
  157  10:33  Baneling  
  157  10:34  Hydralisk  
  157  10:36  Zergling x2  
  157  10:39  Zergling x2  
  157  10:40  Zergling x4  
  153  10:44  Hydralisk x3  
  153  10:47  Zergling x8  
  153  10:51  Zergling x8  
  153  10:52  Zergling x2  
  153  10:57  Zergling x8  
  153  11:03  Zergling x4  
  144  11:11  Hydralisk  
  144  11:12  Hydralisk x2  
  144  11:16  Zergling x6  
Show
View Real Time Build Order
Export as new Build Order

GuMiho Terran - Winner!

Build Orders: Hellion Opening, Reaper Expand 

Get SALT Encoding   

  12  0:00  SCV  
  13  0:12  SCV  
  14  0:16  Supply Depot  
  14  0:24  SCV  
  15  0:38  SCV  
  15  0:39  Barracks  
  16  0:42  Refinery  
  16  0:50  SCV  
  17  1:02  SCV  
  18  1:14  SCV  
  19  1:26  Orbital Command, Reaper  
  20  1:39  Command Center  
  20  1:46  Supply Depot  
  20  1:52  SCV  
  21  1:58  Marine  
  22  2:04  SCV  
  23  2:11  Factory  
  23  2:16  SCV  
  23  2:20  Barracks Reactor  
  24  2:28  SCV  
  25  2:36  Command Center  
  25  2:40  SCV  
  26  2:52  Orbital Command, SCV  
  27  3:03  Barracks Tech Lab, Hellion x2  
  27  3:05  SCV  
  32  3:17  SCV  
  32  3:19  SCV  
  34  3:21  Marine  
  34  3:22  Stimpack  
  34  3:24  Hellion x2  
  39  3:29  SCV  
  39  3:31  SCV  
  41  3:39  Marine  
  41  3:41  SCV  
  43  3:42  Refinery  
  43  3:43  SCV  
  43  3:44  Starport  
  43  3:47  Hellion  
  48  3:48  Hellion  
  48  3:51  Orbital Command  
  48  3:57  SCV x2, Marine  
  48  4:01  Supply Depot  
  51  4:09  SCV  
  53  4:10  SCV, Hellion x2  
  53  4:15  Marine  
  58  4:19  Orbital Command  
  58  4:20  Medivac  
  58  4:21  SCV  
  58  4:23  SCV  
  62  4:24  Supply Depot  
  62  4:31  Hellion x2  
  62  4:33  Marine  
  62  4:34  Armory  
  62  4:36  SCV  
  62  4:37  SCV  
  62  4:38  Refinery  
  69  4:46  SCV  
  69  4:47  Supply Depot  
  69  4:48  SCV  
  69  4:49  SCV  
  69  4:50  Marine  
  73  4:55  Hellion x2  
  73  4:58  Starport Reactor  
  77  5:01  Barracks  
  77  5:02  Barracks  
  77  5:04  Engineering Bay  
  77  5:05  Engineering Bay  
  77  5:09  SCV x2  
  77  5:10  Marine  
  77  5:12  SCV  
  83  5:21  SCV x2  
  83  5:23  Combat Shield  
  83  5:24  SCV  
  83  5:28  Marine  
  85  5:35  SCV x2  
  85  5:43  Hellion  
  85  5:50  SCV  
  85  5:51  Marine  
  85  5:52  Marine  
  85  5:55  Supply Depot  
  85  5:56  Supply Depot  
  84  5:57  Hellion  
  84  5:58  Terran Infantry Weapons Level 1, Terran Infantry Armor Level 1  
  84  5:59  Supply Depot  
  84  6:00  Marine  
  84  6:04  Barracks  
  81  6:05  SCV  
  81  6:06  SCV  
  81  6:07  Orbital Command  
  78  6:19  SCV x2  
  78  6:22  Medivac x2  
  78  6:24  Barracks Reactor  
  78  6:25  Barracks Reactor  
  83  6:31  SCV x2  
  83  6:32  SCV, Refinery  
  86  6:42  Marine  
  86  6:43  SCV x2  
  86  6:44  SCV  
  86  6:45  Widow Mine x2  
  94  6:49  Barracks  
  94  6:50  Hellion x3  
  94  6:51  Supply Depot, Barracks Reactor  
  94  6:54  Supply Depot  
  94  6:55  SCV x2  
  94  6:57  SCV  
  97  7:01  Command Center  
  97  7:02  Supply Depot  
  97  7:03  Supply Depot  
  97  7:07  SCV  
  98  7:10  Marine x2  
  98  7:11  Marine x3  
  98  7:12  Widow Mine x2  
  98  7:15  Supply Depot, SCV x2  
  109  7:23  Supply Depot, SCV  
  109  7:26  Medivac x2  
  109  7:27  SCV  
  109  7:28  Marine x2  
  109  7:29  Marine  
  118  7:32  Barracks x2  
  118  7:34  Barracks  
  118  7:36  Marine  
  118  7:37  Marine x2  
  119  7:40  Barracks Reactor  
  121  7:48  Marine x2  
  121  7:54  Marine x2  
  107  8:03  Widow Mine x2  
  111  8:06  Medivac  
  111  8:07  Medivac  
  111  8:08  Marine x3  
  111  8:09  Marine x2  
  111  8:12  Marine  
  115  8:14  SCV  
  115  8:15  SCV x2, Terran Infantry Armor Level 2, Terran Infantry Weapons Level 2  
  115  8:19  Marine x3  
  119  8:21  Barracks Tech Lab x3  
  119  8:25  Supply Depot  
  119  8:26  Supply Depot, Marine x3  
  122  8:27  Supply Depot, Marauder  
  122  8:32  Marine x2  
  126  8:37  Marine x3  
  129  8:44  Marine x3, Marauder  
  129  8:45  Marauder  
  127  8:49  Marauder  
  127  8:50  Marine x3  
  127  8:51  Widow Mine x2  
  127  8:53  Medivac  
  127  8:55  Marine  
  137  8:59  Marine  
  137  9:00  Marine  
  137  9:02  Marine, Marauder  
  142  9:04  Concussive Shells  
  142  9:05  Marine  
  142  9:06  Marauder  
  142  9:07  Marauder  
  142  9:08  Marine  
  148  9:10  Marauder  
  148  9:15  Marine x2  
  152  9:24  Marauder  
  152  9:26  Marine x4  
  152  9:27  Marine x2, Marauder  
  152  9:28  Marauder  
  152  9:30  Widow Mine  
  152  9:31  Marine, Widow Mine, Medivac x2  
  162  9:33  Marine x2  
  162  9:35  SCV  
  162  9:36  SCV x2  
  170  9:45  Supply Depot, Marauder  
  172  9:48  Marauder  
  174  9:57  Marine x6, Marauder  
  174  9:58  Marine x3  
  181  10:07  Marauder  
  181  10:10  Marauder  
  181  10:13  Widow Mine x2  
  178  10:15  Marine x7  
  178  10:16  Marine, Marauder  
  178  10:18  Marine  
  168  10:28  Marauder  
  168  10:31  Marine  
  168  10:33  Marine x5  
  168  10:34  Marine x2  
  176  10:37  Marauder  
  176  10:40  Marine  
  176  10:41  Marauder  
  179  10:49  Planetary Fortress, Marauder  
  182  10:50  Marine, Marauder  
  182  10:51  Marine x4  
  182  10:52  Marine x2  
  182  10:53  Command Center  
  176  10:58  Marine, Marauder  
  176  11:01  Marine  
  174  11:08  Marine x2  
  174  11:09  Marine x3  
  174  11:10  Marine x2, Marauder  
  171  11:11  Marauder  
  171  11:16  Marine  
  150  11:19  Marine x2  
  150  11:20  Fusion Core  
Tags
 
Add a new tag
Caveats
  • Supply blocks, unpowered buildings, or Contaminate may cause inaccurate times.
  • Supply counts are checked every 10 seconds.